 Dungeon Crawl Stone Soup version 0.26.1-2-gb8aa6d0cf2 (webtiles) character file.

Game seed: 12831539152139923688

716 RaHiT the Covert (level 7, -1/47 HPs)
             Began as an Octopode Delver on Mar 13, 2021.
             Was an Elder of Cheibriados.
             Slain by a worm (6 damage)
             ... on level 6 of the Dungeon.
             The game lasted 00:29:06 (4514 turns).

RaHiT the Covert (Octopode Delver)                  Turns: 4514, Time: 00:29:07

Health: -1/47      AC:  1    Str: 20 (21) XL:     7   Next: 69%
Magic:  9/10       EV: 16    Int: 23 (25) God:    Cheibriados [****..]
Gold:   276        SH:  0    Dex: 22 (23) Spells: 10/10 levels left

rFire    + . .     SeeInvis .     - Unarmed
rCold    x . .     Faith    .   (no shield)
rNeg     . . .     Spirit   .   (helmet restricted)
rPois    .         Reflect  .   (no amulet)
rElec    .         Harm     .   f - ring of willpower
rCorr    .         Rampage  .   t - ring of fire
Will     +....                  (no ring)
Stlth    +++++.....             (no ring)
HPRegen  0.15/turn              (no ring)
MPRegen  0.12/turn              (no ring)
                                (no ring)
                                (no ring)

@: berserk cooldown, attractive, slowed, very slow
A: almost no armour, stealthy swim, amphibious, 8 rings, constrict 8, camouflage
1, gelatinous body 1
a: Renounce Religion, Bend Time, Temporal Distortion, Slouch


You were on level 6 of the Dungeon.
You worshipped Cheibriados.
Cheibriados was greatly pleased with you.
You visited 2 branches of the dungeon, and saw 7 of its levels.

You collected 276 gold pieces.

Inventory:

Hand Weapons
 y - a +2 dagger of protection
 D - the cursed +2 dagger of Wupt {venom, Will++ Str+4}
   (You took it off an orc on level 4 of the Dungeon)

   It poisons the flesh of those it strikes.
   It affects your strength (+4).
   It affects your willpower, your defense against some magical effects.
   It has a curse placed upon it.
Missiles
 h - 159 arrows
 j - 284 stones (quivered)
 l - 27 poisoned darts
 p - 11 javelins
 s - a throwing net
Armour
 n - a +0 buckler
 u - a +0 tower shield
Jewellery
 f - a ring of willpower (left tentacle)
 t - a ring of fire (right tentacle)
 C - an uncursed ring of protection from fire
Wands
 e - a wand of digging (3)
 o - a wand of polymorph (5)
 z - a wand of flame (14)
Scrolls
 c - 2 scrolls of remove curse {unknown}
 i - 3 scrolls of teleportation {unknown}
 k - 6 scrolls of identify {unknown}
 m - a scroll of noise {unknown}
 q - a scroll of random uselessness {unknown}
 w - a scroll of amnesia {unknown}
 x - a scroll of enchant armour {unknown}
Potions
 d - a potion of haste
 g - 2 potions of lignification
 r - 2 potions of heal wounds {unknown}
 B - a potion of flight


   Skills:
 * Level 3.7 Fighting
 * Level 2.7 Throwing
 * Level 3.8 Dodging
 + Level 8.1 Stealth
 + Level 1.0 Shields
 * Level 3.8 Unarmed Combat
 + Level 2.0 Spellcasting
 + Level 1.2 Invocations
 + Level 2.8 Evocations


You had 10 spell levels left.
You didn't know any spells.
Your spell library was empty.

Dungeon Overview and Level Annotations

Branches:
Dungeon (6/15)             Temple (1/1) D:5

Altars:
Ashenzari
Cheibriados
Dithmenos
Elyvilon
Fedhas
Gozag
Hepliaklqana
Kikubaaqudgha
Makhleb
Nemelex Xobeh
Okawaru
Qazlal
Sif Muna
Trog
Wu Jian
Xom
Yredelemnul
Zin
The Shining One

Shops:
D:5 =


Innate Abilities, Weirdness & Mutations

You cannot wear most types of armour.
You are very stealthy in the water. (Stealth+)
You are amphibious.
You can wear up to eight rings at the same time.
You can use your tentacles to constrict eight enemies at once.
Your skin changes colour to match your surroundings (Stealth+).
Your rubbery body absorbs attacks. (AC +1, EV +1)


Message History

You kill the ball python!
Cheibriados thoroughly appreciates the change of pace.
You bludgeon the rat!
You kill the rat!
Cheibriados appreciates the change of pace.
Your Spellcasting skill increases to level 2!
You are starting to lose your buoyancy.
Things that are here:
a +0 dagger; a +0 robe; a wand of random effects (16)
You feel a strong urge to attack something.
You are no longer berserk.
You are exhausted.
You feel yourself slow down.
Okay, then.
It was a potion of attraction.
You feel attractive to monsters. The worm is pulled toward you!
You fail to use your ability.
You float gracefully downwards.
The worm bites you.
You die...

*,.............# *,,,,**
,,.............## **,,,,*
,,..............## *,,,,,
,,.........<.....# *,,,,,
,,...............## *,,,,*
,,................# *,,,,*
**................# *,,,,*
*#............)..## *,,,,,
#...........()@..# ***,,,,,
**#.#..........).w.#
**,,,,,,,
**..###.........)..#*
***,,,,,,,, ,,,**
#########.)(†.#**,,,,,,,,,,
,,,* ##.......,,,,,,,,,,
,,,* ##....(...,,,,,,,,
,,,*
*********##........,,,,,,,
>,,*
*,,,,,,,,,....(....,,,,,,,
,,,*
**,,,,,,,,,.#.......,,,,,,,


You could see a worm.

Vanquished Creatures
  An ogre (D:4)
  A bullfrog (D:5)
  A hound (D:5)
  2 orc priests (D:4)
  A centaur skeleton (D:4)
  3 orc wizards
  5 worker ants
  7 gnolls (D:5)
  3 adders
  A river rat (D:6)
  A white imp (D:5)
  An ooze (D:2)
  An adder zombie (D:5)
  An adder skeleton (D:2)
  2 worms
  6 dart slugs
  A leopard gecko (D:4)
  18 orcs
  5 bats
  4 giant cockroaches
  8 goblins
  6 hobgoblins
  13 jackals
  8 kobolds
  3 quokkas
  4 ball pythons
  2 ball python skeletons
  3 frilled lizards
  A quokka skeleton (D:5)
  4 rats
117 creatures vanquished.

Notes
Turn   | Place    | Note
-------+----------+-------------------------------------------
     0 | D:5      | RaHiT the Octopode Delver began the quest for the Orb.
     0 | D:5      | Reached XP level 1. HP: 16/16 MP: 1/1
    28 | D:5      | Found Tekhawn's Jewellery Boutique.
   103 | D:5      | Noticed a worker ant
   113 | D:5      | Killed a worker ant
   114 | D:5      | Reached XP level 2. HP: 17/21 MP: 2/2
   114 | D:5      | Reached XP level 3. HP: 22/26 MP: 3/3
   199 | D:5      | Found an iron altar of Okawaru.
   212 | D:5      | Reached skill level 7 in Stealth
   418 | D:5      | Reached skill level 1 in Evocations
   418 | D:5      | Reached XP level 4. HP: 31/31 MP: 5/5
   461 | D:5      | Reached skill level 1 in Throwing
   461 | D:5      | Reached skill level 1 in Spellcasting
   544 | D:4      | Noticed a bullfrog
   548 | D:4      | Reached XP level 5. HP: 34/36 MP: 6/6
   693 | D:5      | Found a blossoming altar of Fedhas.
   717 | D:5      | Found a staircase to the Ecumenical Temple.
   733 | Temple   | Entered the Ecumenical Temple
   948 | Temple   | Became a worshipper of Cheibriados the Contemplative
  1084 | D:5      | Reached XP level 6. HP: 35/42 MP: 8/8
  1615 | D:4      | Reached * piety under Cheibriados
  1751 | D:4      | Identified the cursed +2 dagger of Wupt {venom, Will++
                  | Str+4}
  1825 | D:4      | Found a sparkling altar of Nemelex Xobeh.
  2062 | D:1      | Reached ** piety under Cheibriados
  2072 | D:1      | Reached XP level 7. HP: 46/46 MP: 9/9
  2353 | D:2      | Reached skill level 8 in Stealth
  2854 | D:2      | Reached *** piety under Cheibriados
  4243 | D:4      | Reached skill level 1 in Invocations
  4464 | D:6      | Reached **** piety under Cheibriados
  4465 | D:6      | Reached skill level 1 in Shields
  4514 | D:6      | Slain by a worm

Illustrated notes

Levels and vault maps discovered:
D:1:      lightli_arrival_boilingwater, layout_basic, kennysheep_flooded_box
D:2:      layout_basic
D:3:      layout_basic
D:4:      layout_layer_cave, lemuel_coloured_pillars_altar
D:5:      layout_basic, general_overflow_altar, fedhas_altar_4,
          minmay_temple_entry_junction, serial_shops, shop, uniq_menkaure
D:6:      layout_cave_pods, portal_sewer_entry_a, gammafunk_ghost_necromancy,
          dk_noncrumbling_4, hangedman_decor_lopped
Temple:   regret_index_temple_sphere_string

Skill      XL: |  1  2  3  4  5  6  7 |
---------------+----------------------+-----
Stealth        | 7 8 |  8.1
Evocations     | 1 2 |  2.8
Throwing       | 1 2 |  2.7
Spellcasting   | 1 2 |  2.0
Dodging        | 3 |  3.8
Unarmed Combat | 3 |  3.8
Invocations    | 1 |  1.2
Shields        | 1 |  1.0
Fighting       | |  3.7

Action                   |  1- 3 |  4- 6 |  7- 9 || total
-------------------------+-------+-------+-------++-------
Melee: Unarmed           |    17 |    95 |   125 ||   237
       Tentacles         |     4 |    23 |    32 ||    59
       Constrict         |     3 |    25 |    36 ||    64
       Punch             |       |     5 |     3 ||     8
Throw: Dart              |     8 |    41 |     8 ||    57
       Stone             |    10 |     3 |    26 ||    39
       Javelin           |       |       |     1 ||     1
  Use: Potion            |       |     3 |     5 ||     8
       Scroll            |       |     1 |     2 ||     3
 Stab: Sleeping          |     1 |     7 |    15 ||    23
Armor: Skin              |     3 |    23 |     5 ||    31
Dodge: Dodged            |     6 |    60 |    95 ||   161
